 Dungeon Crawl Stone Soup version 0.31.0-12-g77e489cdc1 (webtiles) character file.

Game seed: 12381169388527325285

4967 Killerpretzel the Mimic (level 10, -18/69 HPs)
             Began as an Octopode Shapeshifter on Feb 11, 2024.
             Was a Priest of Vehumet.
             Demolished by Erica
             ... wielding a +0 scimitar of flaming
              (24 damage)
             ... on level 8 of the Dungeon.
             The game lasted 00:22:58 (9443 turns).

Killerpretzel the Mimic (Octopode Shapeshifter)     Turns: 9443, Time: 00:22:59

Health: -18/69     AC:  1    Str: 11 (13) XL:     10   Next: 53%
Magic:  10/10      EV: 19    Int: 10 (12) God:    Vehumet [***...]
Gold:   479        SH:  9    Dex: 22 (23) Spells: 9/9 levels left

rFire   . .          .
                       - Unarmed
rCold   . . .        l - +3 buckler
rNeg    . . .        (helmet currently unavailable)
rPois   .            E - amulet of regeneration
rElec   .            a - ring of wizardry
rCorr   .            n - +5 ring of evasion
SInv    .            t - +6 ring of dexterity
Will    .....        (no ring)
Stlth   +++          (no ring)
HPRegen 1.11/turn    (no ring)
MPRegen 0.12/turn    (no ring)
                     (no ring)

%: wizardry (x1)
@: beast-form, hasted, constricted, very quick
A: beast (slay +4), almost no armour, amphibious, 8 rings, camouflage 1,
gelatinous body 1, (nimble swimmer 1), tentacles
a: Begin Untransformation, Renounce Religion


You were on level 8 of the Dungeon.
You worshipped Vehumet.
Vehumet was most pleased with you.
You were a hulking beast.
You visited 1 branch of the dungeon, and saw 9 of its levels.

You collected 479 gold pieces.

Inventory:

Missiles
 m - 5 boomerangs (quivered)
 r - 3 throwing nets
Armour
 l - a +3 buckler (worn)
Jewellery
 a - a ring of wizardry (left tentacle)
 f - an amulet of reflection
 j - an amulet of magic regeneration
 n - a +5 ring of evasion (right tentacle)
 t - a +6 ring of dexterity (on tentacle)
 E - an amulet of regeneration (around mantle)
Talismans
 b - a beast talisman
 c - a flux talisman
Wands
 o - a wand of flame (22)
 s - a wand of mindburst (6)
 v - a wand of polymorph (19)
 x - a wand of charming (7)
Scrolls
 d - 2 scrolls of revelation
 p - 2 scrolls of teleportation
 w - 3 scrolls of amnesia
 y - 2 scrolls of enchant armour
 z - 2 scrolls of fog
 A - 2 scrolls of silence {unknown}
 B - a scroll of enchant weapon
 C - a scroll of poison
 D - a scroll of vulnerability
 F - a scroll of blinking
Potions
 e - a potion of brilliance
 g - 2 potions of invisibility
 h - 2 potions of magic
 i - 2 potions of curing
 k - 2 potions of attraction


   Skills:
 + Level 6.4 Fighting
 + Level 6.6 Dodging
 + Level 5.4 Shields
 + Level 6.9 Unarmed Combat
 * Level 8.9 Shapeshifting


You had 9 spell levels left.
You didn't know any spells.
Your spell library contained the following spells:

 Spells                   Type           Power      Damage    Failure   Level
 Momentum Strike          Conj/Tloc      0%         3d8       8%          2
 Kiss of Death            Conj/Necr      0%         2d5       5%          1
 Sting                    Conj/Alch      0%         1d3       5%          1
 Mercury Vapours          Alch/Air       0%         N/A       8%          2
 Dazzling Flash           Conj/Hex       0%         N/A       14%         3
 Mephitic Cloud           Conj/Alch/Air  0%         N/A       14%         3
 Necrotise                Necr           0%         1d4       21%         1
 Olgreb's Toxic Radiance  Alch           0%         N/A       41%         4
 Confusing Touch          Hex            0%         N/A       50%         3
 Vampiric Draining        Necr           0%         2d6       50%         3
 Freezing Cloud           Conj/Ice/Air   0%         6-21      71%         5
 Dispel Undead            Necr           0%         3d6       87%         4
 Martyr's Knell           Necr/Summ      0%         N/A       87%         4
 Curse of Agony           Necr           0%         N/A       99%         5
 Silence                  Hex/Air        0%         N/A       99%         5


Dungeon Overview and Level Annotations

Branches:
Dungeon (9/15)             Temple (0/1) D:5
   Lair: D:8-11         Orc: D:9-12

Altars:
Cheibriados
Dithmenos
Vehumet
The Shining One

Shops:
D:5 [   D:6 (

Annotations:
D:3 exclusion: statue
D:4 exclusion: ice beast, Eustachio
D:5 Blork the orc
D:7 Dowan, Duvessa
D:8 Erica


Innate Abilities, Weirdness & Mutations

You are a hulking beast.
Your limbs bulge with bestial killing power. (Slay +4)
You cannot wear most types of armour.
You are amphibious.
You can wear up to eight rings at the same time.
Your skin changes colour to match your surroundings (Stealth+).
Your rubbery body absorbs attacks. (AC +1, EV +1)
((You are camouflaged when in or above water. (Stealth+)))
You have tentacles for arms and can constrict up to eight enemies at once.


Message History

You feel less confused.
You hear some strange, mumbled words.
A bolt of poison appears from out of thin air!
The bolt of poison misses you.
You see here a +0 club.
Things that are here:
a +0 chain mail; a +0 dagger You block something's attack.
Something barely misses you.
You miss something.
Your tentacle-slap misses something.
You barely miss something.
You hear a zap.
Something tries to affect you, but you resist.
You bludgeon something! You squeeze something! Something hits you!
Something burns you. Something barely misses you.
You tentacle-slap something. Something completely misses you.
Something grabs you.
You are constricted.
You bludgeon something!
You hear a zap.
Something tries to affect you, but you resist.
You are constricted.
You tentacle-slap something but do no damage.
You block something's attack.
You are constricted.
You miss something. You squeeze something! Something hits you!
Something burns you.
You are constricted.
It was a potion of haste.
You feel yourself speed up.
You hear some strange, mumbled words.
Something tries to affect you, but you resist.
You are constricted.
It was a potion of degeneration.
There was something very wrong with that liquid.
You feel weakened.
You feel dopey.
You feel clumsy. Something hits you!
* * * LOW HITPOINT WARNING * * *
Something burns you.
* * * LOW HITPOINT WARNING * * *
You are constricted.
* * * LOW HITPOINT WARNING * * *
You closely miss something. You barely miss something. You squeeze something.
Something hits you!!
You die...

###..........########.#.........#
..#####.................#.#######
#.# #.................#.#######
#.# ####....)..................
..# ####.................... ###
#.............####### #
######............######.. #
#....#...{.......## #..... ####
#.##.####h.......# #..... ...##
#.#.....#[####.#.# #.....
##..####.#.....#)#..).#.# #.....
##...##.#.....#.#.#..#.# #...<.
#####....#.....#.#[#..#.# #.....
.........##.#.......)##.####.....
######.#..#[#.#....#.##.....)....
# #.#..>.#.#.##.#.##.#.##..... #
#.#.#..#...##.#.##'#........


There were no monsters in sight!

Vanquished Creatures
  A two-headed ogre (D:8)
  Psyche (D:8)
  A hornet (D:8)
  Sigmund (D:3)
  Menkaure (D:4)
  3 water moccasins
  An orc warrior (D:8)
  A black bear (D:5)
  2 ogres
  2 sky beasts
  3 ice beasts
  2 centaurs (D:8)
  4 bullfrogs
  A gnoll sergeant (D:8)
  7 scorpions
  4 wights
  2 killer bees (D:8)
  7 howler monkeys
  5 jellies
  3 orc priests
  2 bombardier beetles (D:5)
  A hound (D:6)
  4 orc wizards
  3 sleepcaps
  Ijyb (D:4)
  3 gnoll boudas
  3 iguanas
  23 gnolls
  6 adders
  A shadow imp (D:8)
  A white imp (D:8)
  2 ufetubi (D:5)
  4 dart slugs
  A ribbon worm (D:2)
  19 orcs
  8 ball pythons
  6 endoplasms
  A giant cockroach (D:1)
  7 goblins
  9 hobgoblins
  6 jackals
  2 kobolds
  10 quokkas
  6 bats
  3 frilled lizards
  3 rats
187 creatures vanquished.

Notes
Turn   | Place    | Note
-------+----------+-------------------------------------------
     0 | D:1      | Killerpretzel the Octopode Shapeshifter began the quest for
                  | the Orb.
     0 | D:1      | Reached XP level 1. HP: 13/13 MP: 1/1
   101 | D:1      | Reached XP level 2. HP: 16/18 MP: 2/2
   277 | D:1      | Reached XP level 3. HP: 23/23 MP: 3/3
  1240 | D:2      | Found a faded altar of an unknown god.
  1356 | D:2      | Reached XP level 4. HP: 15/29 MP: 4/4
  1590 | D:3      | Noticed Sigmund
  1606 | D:3      | Killed Sigmund
  1607 | D:3      | Reached skill level 4 in Shapeshifting
  1607 | D:3      | Reached XP level 5. HP: 8/35 MP: 5/5
  1607 | D:3      | Reached XP level 6. HP: 9/41 MP: 6/6
  2065 | D:3      | Found a radiant altar of Vehumet.
  2071 | D:3      | Became a worshipper of Vehumet
  2435 | D:3      | Found a snail-covered altar of Cheibriados.
  2773 | D:4      | Noticed an ice beast
  2830 | D:4      | Noticed Menkaure
  2836 | D:4      | Killed Menkaure
  2837 | D:4      | Reached skill level 1 in Shields
  2837 | D:4      | Reached skill level 5 in Shapeshifting
  2837 | D:4      | Reached XP level 7. HP: 5/46 MP: 7/7
  3269 | D:4      | Noticed Ijyb
  3282 | D:4      | Killed Ijyb
  3328 | D:4      | Noticed Eustachio
  4107 | D:5      | Entered Level 5 of the Dungeon
  4234 | D:5      | Found a shadowy altar of Dithmenos.
  4277 | D:5      | Found Kirsasp's Dragon-Slaying Spoils.
  4316 | D:5      | Noticed Blork the orc
  4530 | D:5      | Reached * piety under Vehumet
  4530 | D:5      | Offered knowledge of Foxfire by Vehumet.
  4615 | D:5      | Reached XP level 8. HP: 36/54 MP: 8/8
  4884 | D:5      | Reached skill level 6 in Shapeshifting
  5293 | D:5      | Found a staircase to the Ecumenical Temple.
  5312 | D:5      | Reached skill level 5 in Unarmed Combat
  5905 | D:6      | Noticed a wraith
  5978 | D:6      | Reached skill level 5 in Dodging
  5978 | D:6      | Reached XP level 9. HP: 54/59 MP: 9/9
  5997 | D:6      | Found a glowing golden altar of the Shining One.
  6019 | D:6      | Reached skill level 7 in Shapeshifting
  6181 | D:6      | Reached skill level 5 in Fighting
  6715 | D:7      | Noticed Duvessa
  6901 | D:7      | Reached ** piety under Vehumet
  6990 | D:7      | Offered knowledge of Static Discharge by Vehumet.
  7174 | D:7      | Noticed Dowan
  7305 | D:8      | Noticed a hornet
  7323 | D:8      | Killed a hornet
  7341 | D:8      | Reached skill level 8 in Shapeshifting
  7463 | D:8      | Reached XP level 10. HP: 68/68 MP: 10/10
  7531 | D:8      | Noticed Erica
  7719 | D:8      | Noticed a two-headed ogre
  7815 | D:8      | Offered knowledge of Momentum Strike by Vehumet.
  7904 | D:8      | Killed a two-headed ogre
  7905 | D:8      | Reached skill level 5 in Shields
  7932 | D:8      | Noticed Psyche
  8050 | D:8      | Killed Psyche
  8933 | D:8      | Reached *** piety under Vehumet
  9139 | D:6      | Found Oggihogh's Antique Weapon Shoppe.
  9443 | D:8      | Demolished by Erica

Illustrated notes

Levels and vault maps discovered:
D:1:      matt_arrival_debris, layout_loops_ring, st_stairs_8
D:2:      layout_loops_ring, shapermc_ecumenical_altar_ellora
D:3:      layout_basic, mainiacjoe_overflow_alcove_1, vehumet_statue,
          uniq_sigmund
D:4:      layout_basic, uniq_menkaure, uniq_eustachio, uniq_ijyb
D:5:      lemuel_ice_spiral_2, layout_basic, grunt_dithmenos_smoke,
          minmay_temple_entry_hall, nicolae_shop_dragon_depot,
          minmay_misc_feat_square, uniq_blork_the_orc
D:6:      layout_basic, mainiacjoe_overflow_boulevard, serial_shops, shop
D:7:      layout_rooms, uniq_duvessa
D:8:      layout_basic, minmay_circle_x, uniq_psyche, uniq_erica
D:9:      layout_loops_cross, grunt_temple_overflow_gold_and_silver,
          nicolae_hepliaklqana_hippocampus, nicolae_ru_great_annihilating_truth,
          uniq_maggie, uniq_maurice

Skill      XL: |  1  2  3  4  5  6  7  8  9 10 |
---------------+-------------------------------+-----
Fighting       | 2 3 4 5 6 |  6.4
Dodging        | 3 4 5 6 |  6.6
Unarmed Combat | 4 5 6 |  6.9
Shapeshifting  | 4 5 6 8 |  8.9
Shields        | 1 2 3 4 5 |  5.4

Action                     |  1- 3 |  4- 6 |  7- 9 | 10-12 || total
---------------------------+-------+-------+-------+-------++-------
  Melee: Unarmed           |    64 |    79 |   223 |   101 ||   467
         Constrict         |    17 |    19 |    44 |    30 ||   110
         Tentacles         |    11 |    19 |    51 |    29 ||   110
         Punch             |     1 |       |    16 |    10 ||    27
  Evoke: Wand              |       |       |     1 |     7 ||     8
    Use: Scroll            |     2 |     4 |     7 |       ||    13
         Potion            |     1 |     3 |     2 |     2 ||     8
   Stab: Sleeping          |    11 |     6 |     7 |       ||    24
 Armour: Skin              |    25 |    37 |    56 |    26 ||   144
  Dodge: Dodged            |    35 |    37 |   104 |    55 ||   231
  Block: Buckler           |       |     9 |   116 |    52 ||   177
         Reflection        |       |       |     6 |     2 ||     8
